 Dungeon Crawl Stone Soup version 0.30-a0-691-g754fce4c43 (webtiles) character file.

Game seed: 16236508491752102084

2916 kae the Changer (level 9, -5/59 HPs)
             Began as a Demonspawn Transmuter on Jan 19, 2023.
             Was a Follower of Ru.
             Killed from afar by Erica (24 damage)
             ... with a bolt of poison
             ... on level 8 of the Dungeon.
             The game lasted 00:12:07 (7646 turns).

kae the Changer (Demonspawn Transmuter)             Turns: 7646, Time: 00:12:08

Health: -5/59      AC: 13    Str: 14    XL:     9   Next: 50%
Magic:  13/17      EV: 11    Int: 16    God:    Ru [*.....]
Gold:   373        SH:  0    Dex:  8    Spells: 3/18 levels left

rFire   . . .      SeeInvis .      - Unarmed
rCold   + . .      Faith    .    (shield currently unavailable)
rNeg    . . .      Spirit   .    a - +0 robe
rPois   .          Reflect  .    (no helmet)
rElec   .          Harm     .    (no cloak)
rCorr   .          Rampage  +    (gloves currently unavailable)
Will    +....                    G - +1 pair of boots "Sadgh" {Rampage Will+ Regen+ Dex-5}
Stlth   +                        (no amulet)
HPRegen 1.09/turn                C - ring of protection from cold
MPRegen 0.15/turn                Z - ring of wizardry

@: lethally poisoned (-5 -> -14), blade hands (expiring), sanguine armoured
A: ignite blood 1, powered by death 1, inability to train armour, sanguine
armour 2, demonic touch 2
a: End Transformation, Renounce Religion


You were on level 8 of the Dungeon.
You worshipped Ru.
Ru was aware of your devotion.
You had blades for hands.
You visited 2 branches of the dungeon, and saw 9 of its levels.

You collected 530 gold pieces.
You spent 157 gold pieces at shops.


Innate Abilities, Weirdness & Mutations

You have blades for hands.
Your spellcasting is less reliable in this form.
You are incapable of wielding weapons or throwing items.
Your demonic aura sometimes causes spilled blood to erupt in flames.
You regenerate a little health from kills.
You cannot train Armour skill.
When seriously injured, your blood forms thick armour. (AC +9)
Your touch may inflict irresistible damage on your foes.


   Skills:
 - Level 1.0 Fighting
 - Level 1.7 Dodging
 + Level 5.6 Unarmed Combat
 + Level 5.3 Spellcasting
 * Level 7.5 Transmutations
 * Level 6.1 Ice Magic
 - Level 1.5 Poison Magic


You had 3 spell levels left.
You knew the following spells:

 Your Spells              Type           Power      Damage    Failure   Level
a - Beastly Appendage     Tmut           56%        N/A       5%          1
b - Wereblood             Tmut           28%        N/A       6%          2
c - Spider Form           Tmut/Pois      18%        N/A       16%         3
d - Ice Form              Ice/Tmut       26%        N/A       19%         4
e - Blade Hands           Tmut           14%        N/A       30%         5

Your spell library contained the following spells:

 Spells                   Type           Power      Damage    Failure   Level
 Ozocubu's Armour         Ice            24%        N/A       12%         3
 Sublimation of Blood     Necr           4%         N/A       32%         2
 Call Canine Familiar     Summ           4%         N/A       47%         3
 Portal Projectile        Hex/Tloc       8%         N/A       47%         3
 Petrify                  Tmut/Erth      16%        N/A       38%         4
 Irradiate                Conj/Tmut      8%         3d14      65%         5
 Anguish                  Hex/Necr       2%         N/A       78%         4
 Animate Armour           Summ/Erth      8%         N/A       78%         4
 Leda's Liquefaction      Hex/Erth       2%         N/A       78%         4
 Ozocubu's Refrigeration  Ice            12%        4d10      99%         7
 Iron Shot                Conj/Erth      2%         9d2       100%        6
 Enfeeble                 Hex            2%         N/A       100%        7

Inventory:

Missiles
 f - 91 stones
 h - 11 curare-tipped darts {=f}
 l - 6 atropa-tipped darts
 q - 4 boomerangs
 w - 12 poisoned darts
 y - 2 silver javelins
 B - 2 throwing nets {=f!f}
Armour
 a - a +0 robe (worn)
 G - the +1 pair of boots "Sadgh" (worn) {Rampage Will+ Regen+ Dex-5}
   (You found it on level 7 of the Dungeon)

   Dex:       It affects your dexterity (-5).
   Regen:     It increases your rate of health regeneration.
   Rampage:   It bestows one free step when moving towards enemies.
   Will:      It increases your willpower.
Jewellery
 C - a ring of protection from cold (left blade hand)
   (You found it on level 1 of the Dungeon)
 W - a ring of magical power
   (You found it on level 6 of the Dungeon)
 Z - a ring of wizardry (right blade hand)
   (You found it on level 1 of the Dungeon)
Wands
 i - a wand of paralysis (15)
   (You found it on level 2 of the Dungeon)
 r - a wand of flame (21)
   (You found it on level 4 of the Dungeon)
 A - a wand of mindburst (6)
   (You found it on level 6 of the Dungeon)
Scrolls
 d - a scroll of immolation {!r!r}
 j - 5 scrolls of teleportation {@r4}
 m - 3 scrolls of enchant weapon
 u - a scroll of fear
 v - 2 scrolls of magic mapping {!r}
 x - a scroll of blinking {!r}
 z - a scroll of enchant armour
 E - a scroll of poison {!r}
 F - a scroll of fog
Potions
 b - 2 potions of lignification {!q}
 c - a potion of brilliance
 e - a potion of invisibility
 g - 2 potions of attraction {!q}
 k - 2 potions of magic
 n - a potion of resistance
 o - 2 potions of flight
 p - 2 potions of cancellation
 t - 2 potions of degeneration {!q}
 D - 2 potions of curing {@q1}

Dungeon Overview and Level Annotations

Branches:
Dungeon (8/15) Zot: 26846  Temple (1/1) D:5 Zot: 5786
   Lair: D:8-11

Altars:
Cheibriados
Dithmenos
Fedhas
Gozag
Kikubaaqudgha
Makhleb
Nemelex Xobeh
Okawaru
Qazlal
Ru
Sif Muna
Trog
Uskayaw
Vehumet
Wu Jian
Xom
Yredelemnul

Shops:
D:5 :   D:6 *([!?

Annotations:
D:8 Erica

####.##...##.......#
#..#.##...##.......#
#.........##.......#
#.........##.......#
#...................
#...................>
#######.........
#...##... #@..# ..
#....@........
#....°°..##...
..........# ...
.....##...# .. .....
##### . .... ....


You could see Erica.


Message History

You take 14 damage, and now have 45/59 hp.
MASSIVE DAMAGE!! (PAUSE)
You slash Prince Ribbit!
You touch Prince Ribbit!
Prince Ribbit is stunned by your conviction and fails to attack.
Prince Ribbit hits you!
Your blood congeals into armour. 😮 HP[-12]
You take 12 damage, and now have 33/59 hp.
MASSIVE DAMAGE!! (PAUSE)
You slice Prince Ribbit!!
You kill Prince Ribbit!
Prince Ribbit returns to his original shape as he dies.
Your Ice Magic skill increases to level 6! 😮 HP[+1] MP[+1]
Your transformation is almost over.
Your blood armour dries and flakes away.
Your hands revert to their normal proportions.
There is a stone staircase leading down here.
Key pressed, stopping explore.
As you open the door, it creaks loudly!
You hear an angry hiss. 😎 HP[+25] MP[+5]
Your hp is fully restored (59).
Your mp is fully restored (17).
Unknown command.
A water moccasin comes into view.
The water moccasin hisses angrily.
There is an open door here.
A water moccasin is nearby!
A water moccasin is nearby!
A water moccasin is nearby!
Casting: Blade Hands (quite dangerous; 8% risk of failure)
Confirm with . or Enter, or press ? or * to list all spells.
You turn into a creature of crystalline ice.
The +1 pair of boots "Sadgh" {Rampage Will+ Regen+ Dex-5} melds into your body.
Your +0 robe melds into your body. 😎 HP[+11] MP[-4]
You now have 70 max hp (+11).
Your hp is fully restored (70).
You lost 4 mp, and now have 13/17 mp.
You punch the water moccasin!
The water moccasin seems to slow down.
You freeze the water moccasin. The water moccasin barely misses you.
You barely miss the water moccasin. The water moccasin barely misses you.
You punch the water moccasin! You freeze the water moccasin.
The water moccasin is engulfed in blazing flames.
You kill the water moccasin!
No target in view! 😎 MP[+1] No target in view!
No target in view!
There is an open door here.
There is a stone staircase leading down here.
Your transformation is almost over.
You warm up again.
The +1 pair of boots "Sadgh" {Rampage Will+ Regen+ Dex-5} unmelds from your body.
Your +0 robe unmelds from your body.
You now have 373 gold pieces (gained 14).
Erica the Fiery-Tempered comes into view.
She is wielding a +1 scimitar of flaming and wearing a +2 robe of fire resistance.
Erica shouts! 😎 HP[-11] MP[+3]
You now have 59 max hp (-11).
Your mp is fully restored (17).
Unknown command.
Casting: Ice Form (dangerous; 3% risk of failure)
Confirm with . or Enter, or press ? or * to list all spells.
The spell is quite dangerous to miscast (8% risk of failure)!
Continue anyway? [Y]es or [N]o only, please.
The spell is quite dangerous to miscast (8% risk of failure)!
Continue anyway?
Your hands turn into razor-sharp scythe blades. 😎 MP[-5]
You lost 5 mp, and now have 12/17 mp.
Erica casts a spell at you. The lance of force misses you.
Erica hits you with a +1 scimitar of flaming.
Erica burns you. 😕 HP[-5]
You take 5 damage, and now have 54/59 hp.
You hit Erica.
Erica says, "I love to fight, but killing is better."
Erica hits you with a +1 scimitar of flaming!
Erica burns you!
Your blood congeals into armour. 😮 HP[-20]
You take 20 damage, and now have 34/59 hp.
MASSIVE DAMAGE!! (PAUSE)
You slash Erica!
Erica hits you with a +1 scimitar of flaming.
* * * LOW HITPOINT WARNING * * *
Erica burns you.
* * * LOW HITPOINT WARNING * * *
😨 HP[-6]
You take 6 damage, and now have 28/59 hp.
Unknown command.
You hit Erica but do no damage. Your slash misses Erica.
Your transformation is almost over.
Erica hits you with a +1 scimitar of flaming!
* * * LOW HITPOINT WARNING * * *
Erica burns you.
* * * LOW HITPOINT WARNING * * *
😨 HP[-10] MP[+1]
You take 10 damage, and now have 18/59 hp.
You slash Erica! Your touch misses Erica.
Erica is engulfed in blazing flames.
Erica casts a spell at you. The bolt of poison hits you!!
You are poisoned.
You die...

Skill      XL: |  1  2  3  4  5  6  7  8  9 |
---------------+----------------------------+-----
Transmutations | 2 4 5 6 7 |  7.5
Unarmed Combat | 3 4 5 |  5.6
Spellcasting   | 3 4 5 |  5.3
Poison Magic   | 1 |  1.5
Ice Magic      | 2 3 5 6 |  6.1
Fighting       | |  1.0
Dodging        | |  1.7

Action                   |  1- 3 |  4- 6 |  7- 9 || total
-------------------------+-------+-------+-------++-------
Melee: Unarmed           |   129 |   124 |   229 ||   482
       Kick              |    21 |     2 |       ||    23
       Headbutt          |    16 |     1 |       ||    17
       Punch             |     4 |     1 |       ||     5
       Touch             |       |       |     3 ||     3
 Cast: Beastly Appendage |    23 |     5 |     1 ||    29
       Spider Form       |       |    14 |    11 ||    25
       Wereblood         |       |     3 |     5 ||     8
       Ice Form          |       |     2 |    28 ||    30
       Blade Hands       |       |       |     2 ||     2
Invok: Sacrifice Durabil |       |       |     1 ||     1
  Use: Scroll            |     4 |     5 |    11 ||    20
       Potion            |     1 |       |       ||     1
 Stab: Sleeping          |     2 |       |       ||     2
Armor: Robe              |    30 |    13 |     7 ||    50
       Skin              |     3 |    19 |    67 ||    89
Dodge: Dodged            |    71 |   113 |   165 ||   349

Levels and vault maps discovered:
D:1:      nzn_arrival_settlement, layout_rooms, nicolae_ecumenical_lake_church
D:2:      layout_rooms, minmay_rat_gold_closets, uniq_sigmund, uniq_robin
D:3:      layout_rooms, grunt_temple_overflow_open, uniq_terence
D:4:      minmay_spotlight, layout_layer_cave, minitemple, minmay_starry_boxes
D:5:      layout_layer_cave, minmay_temple_entry_glassed_door,
          nicolae_shop_i_like_big_books
D:6:      layout_basic, serial_shops, shop_fountains, nicolae_shop_crystal,
          shop_fountains, nicolae_shop_statue_plus, shop
D:7:      layout_cave_pools, kennysheep_mini_moat, fedhas_ov_isle_minmay
D:8:      layout_gridville, mainiacjoe_overflow_brackets, nicolae_wwwww,
          uniq_prince_ribbit1, uniq_maurice, uniq_erica
Temple:   grunt_temple_mini_profane

Notes
Turn   | Place    | Note
-------+----------+-------------------------------------------
     0 | D:1      | kae the Demonspawn Transmuter began the quest for the Orb.
     0 | D:1      | Reached XP level 1. HP: 15/15 MP: 3/3
     0 | D:1      | magus.rc [v1.11.3]
   102 | D:1      | Reached skill level 2 in Transmutations
   119 | D:1      | Gained mutation: You regenerate a little health from kills.
                  | [demonic ancestry]
   119 | D:1      | Reached XP level 2. HP: 20/21 MP: 3/5
   255 | D:1      | Reached skill level 3 in Unarmed Combat
   413 | D:1      | You add the spells Ozocubu's Armour and Ozocubu's
                  | Refrigeration to your library.
   442 | D:1      | Reached XP level 3. HP: 26/26 MP: 4/6
   445 | D:1      | Learned a level 2 spell: Wereblood
   449 | D:1      | Learned a level 3 spell: Spider Form
   514 | D:1      | Found a faded altar of an unknown god.
  1043 | D:2      | Noticed Sigmund
  1060 | D:2      | Killed Sigmund
  1061 | D:2      | Reached skill level 3 in Spellcasting
  1061 | D:2      | Reached skill level 4 in Transmutations
  1061 | D:2      | Reached skill level 1 in Poison Magic
  1061 | D:2      | Gained mutation: When seriously injured, your blood forms
                  | armour. (AC +9) [demonic ancestry]
  1061 | D:2      | Reached XP level 4. HP: 24/32 MP: 1/8
  1061 | D:2      | Gained mutation: When seriously injured, your blood forms
                  | thick armour. (AC +9) [demonic ancestry]
  1061 | D:2      | Reached XP level 5. HP: 28/37 MP: 1/9
  1129 | D:2      | Learned a level 4 spell: Ice Form
  1148 | D:2      | Noticed Robin
  1237 | D:2      | Killed Robin
  1601 | D:3      | Gained mutation: Your demonic aura sometimes causes spilled
                  | blood to erupt in flames. [demonic ancestry]
  1601 | D:3      | Reached XP level 6. HP: 36/43 MP: 7/10
  1669 | D:3      | Reached skill level 1 in Ice Magic
  1753 | D:3      | You pick up a book of Iron and begin reading...
  1753 | D:3      | You add the spells Animate Armour, Blade Hands and Iron
                  | Shot to your library.
  1997 | D:3      | Found an ancient bone altar of Kikubaaqudgha.
  1997 | D:3      | Found a bloodstained altar of Trog.
  1999 | D:3      | Noticed Terence
  2000 | D:3      | Found a shimmering blue altar of Sif Muna.
  2003 | D:3      | Found a basalt altar of Yredelemnul.
  2013 | D:3      | HP: 9/42 [endoplasm (3)]
  2019 | D:3      | Killed Terence
  2339 | D:4      | Reached skill level 2 in Ice Magic
  2539 | D:4      | Gained mutation: Your touch may inflict minor irresistible
                  | damage on your foes. [demonic ancestry]
  2539 | D:4      | Reached XP level 7. HP: 48/48 MP: 8/12
  2717 | D:4      | Reached skill level 4 in Unarmed Combat
  3238 | D:4      | Found a radiant altar of Vehumet.
  3238 | D:4      | Found a shimmering altar of Xom.
  3238 | D:4      | Found a hide-covered altar of Uskayaw.
  3241 | D:4      | Found a shadowy altar of Dithmenos.
  3298 | D:4      | Reached skill level 5 in Transmutations
  3917 | D:4      | magus.rc [v1.11.3]
  3922 | D:5      | Entered Level 5 of the Dungeon
  3972 | D:5      | Reached skill level 3 in Ice Magic
  4139 | D:5      | Reached skill level 4 in Spellcasting
  4187 | D:5      | Found a staircase to the Ecumenical Temple.
  4194 | D:5      | Gained mutation: Your touch may inflict irresistible damage
                  | on your foes. [demonic ancestry]
  4194 | D:5      | Reached XP level 8. HP: 54/54 MP: 12/14
  4209 | Temple   | Entered the Ecumenical Temple
  4395 | Temple   | Became a worshipper of Ru the Awakened
  4454 | D:5      | Identified the +1 whip of Wekuew {heavy, Str-3 Int+6
                  | Stlth+}
  4722 | D:5      | Reached skill level 4 in Ice Magic
  5025 | D:5      | Reached skill level 6 in Transmutations
  5321 | D:5      | Found Cistroani's Tremendous Tomes.
  5407 | D:6      | Found Jatong's Distillery.
  5455 | D:6      | Found Yvir's Armour Shoppe.
  5462 | D:6      | Learned a level 5 spell: Blade Hands
  5468 | D:6      | Found Furoqul's Antique Weapon Shoppe.
  5576 | D:6      | You pick up a book of Maledictions and begin reading...
  5576 | D:6      | You add the spells Anguish and Enfeeble to your library.
  5579 | D:6      | Found Muwnuima's General Store.
  5607 | D:6      | Bought a scroll of magic mapping for 75 gold pieces
  5713 | D:6      | Found Mianoxea's Magic Scroll Shop.
  5720 | D:6      | Bought a scroll of blinking for 82 gold pieces
  6087 | D:6      | Reached skill level 5 in Unarmed Combat
  6236 | D:6      | Gained mutation: You cannot train Armour skill. [Ru
                  | sacrifice]
  6236 | D:6      | Reached * piety under Ru
  6310 | D:6      | Reached skill level 5 in Ice Magic
  6612 | D:6      | Reached XP level 9. HP: 44/59 MP: 13/16
  6627 | D:6      | Reached skill level 5 in Spellcasting
  6760 | D:7      | You pick up a book of the Hunter and begin reading...
  6760 | D:7      | You add the spells Call Canine Familiar, Portal Projectile
                  | and Leda's Liquefaction to your library.
  6782 | D:7      | Reached skill level 7 in Transmutations
  7339 | D:7      | You pick up a book of Alchemy and begin reading...
  7339 | D:7      | You add the spells Sublimation of Blood, Petrify and
                  | Irradiate to your library.
  7341 | D:7      | Identified the +1 pair of boots "Sadgh" {Rampage Will+
                  | Regen+ Dex-5}
  7388 | D:7      | Found a blossoming altar of Fedhas.
  7501 | D:8      | Noticed Prince Ribbit
  7508 | D:8      | Killed Prince Ribbit
  7509 | D:8      | Reached skill level 6 in Ice Magic
  7637 | D:8      | Noticed Erica
  7646 | D:8      | Killed from afar by Erica

Vanquished Creatures
  Prince Ribbit (D:8)
  Sigmund (D:2)
  A wyvern (D:7)
  2 water moccasins
  2 ice beasts
  3 black bears
  3 centaurs
  An ogre (D:5)
  A kobold brigand (D:6)
  A phantom (D:7)
  3 bullfrogs (D:6)
  A necrophage (D:5)
  2 scorpions
  3 wights (D:7)
  2 jellies
  A gnoll bouda (D:7)
  4 hounds
  2 orc priests (D:4)
  Terence (D:3)
  3 iguanas
  3 orc wizards
  Robin (D:2)
  6 adders
  9 gnolls
  2 white imps (D:5)
  An ufetubus (D:4)
  A worm (D:2)
  3 dart slugs
  10 orcs
  10 ball pythons
  6 endoplasms
  6 giant cockroaches
  12 hobgoblins
  4 jackals (D:4)
  10 kobolds
  4 quokkas
  5 bats
  2 frilled lizards
  25 goblins
  14 rats
172 creatures vanquished.

Table legend:
 A = Non-vault XP
 B = Vault XP
 C = Vault XP percentage of total XP
 D = Non-vault monster count
 E = Vault monster count
 F = Vault count percentage of total count
                 A         B        C        D         E       F
            +---------+---------+-------+---------+---------+-------
      Total |    3487 |     679 |  16.3 |     139 |      33 |  19.2
            +---------+---------+-------+---------+---------+-------
        D:1 |      43 |       0 |   0.0 |      25 |       0 |   0.0
        D:2 |      46 |     284 |  86.1 |      18 |      20 |  52.6
        D:3 |     116 |      38 |  24.7 |      24 |       1 |   4.0
        D:4 |     461 |      74 |  13.8 |      26 |      11 |  29.7
        D:5 |     847 |       0 |   0.0 |      14 |       0 |   0.0
        D:6 |    1115 |       0 |   0.0 |      20 |       0 |   0.0
        D:7 |     714 |       0 |   0.0 |      11 |       0 |   0.0
        D:8 |     145 |     283 |  66.1 |       1 |       1 |  50.0
            +---------+---------+-------+---------+---------+-------

Illustrated notes

Table legend:
 A = Kills in this place as a percentage of kills in entire the game.
 B = Kills by you in this place as a percentage of kills by you in the entire game.
 C = Kills by friends in this place as a percentage of kills by friends in the entire game.
 D = Other kills in this place as a percentage of other kills in the entire game.
 E = Experience gained in this place as a percentage of experience gained in the entire game.
 F = Experience gained in this place divided by the number of levels of this place that you have seen.
                   A       B       C       D       E      F
               +-------+-------+-------+-------+-------+----------------------
         Total | 100.0 | 100.0 |   N/A |   N/A | 100.0 | 462.9
       Dungeon | 100.0 | 100.0 |   N/A |   N/A | 100.0 | 520.8
               +-------+-------+-------+-------+-------+----------------------

Table legend: (Time is in decaauts)
 A = Elapsed time spent in this place.
 B = Non-inter-level travel time spent in this place.
 C = Inter-level travel time spent in this place.
 D = Time resting spent in this place.
 E = Time spent auto-exploring this place.
 F = Levels seen in this place.
 G = Mean time per level.
                   A        B        C        D        E       F      G
               +--------+--------+--------+--------+--------+-----+--------+
         Total |   7619 |   7275 |    344 |    227 |   5762 |   9 |  846.6 |
       Dungeon |   7405 |   7097 |    308 |    227 |   5589 |   8 |  925.6 |
        Temple |    213 |    177 |     36 |      0 |    173 |   1 |  213.0 |
               +--------+--------+--------+--------+--------+-----+--------+

Top non-repeatable levels by time:
     D:4: 1670 daAuts
     D:6: 1395 daAuts
     D:5: 1253 daAuts
     D:2: 943 daAuts
     D:7: 700 daAuts
     D:3: 654 daAuts
     D:1: 633 daAuts
  Temple: 213 daAuts
     D:8: 152 daAuts
